[Event "Late-Titled-Tuesday-Blitz-March-26-2024"]
[Site "Chess.com"]
[Date "2024.03.26"]
[Round "5"]
[White "Defenstrator"]
[Black "akanga001"]
[Result "0-1"]
[WhiteElo "2470"]
[BlackElo "2089"]
[TimeControl "180+1"]
[EndTime "14:53:33 PDT"]
[Termination "akanga001 won by checkmate"]

1. f3 d5 2. c3 Bf5 3. Kf2 Nf6 4. Ke3 h6 5. Kf4 Bh7 6. Kg3 e6 7. Kf2 c6 8. e3 Nbd7 9. Qe2 a5 10. Ke1 Qb6 11. Kd1 Bc5 12. Qe1 a4 13. d4 Bd6 14.
Nd2 e5 15. Nh3 O-O 16. Nf2 exd4 17. cxd4 Rfe8 18. Bd3 Bxd3 19. Nxd3 c5 20. dxc5 Nxc5 21. Nxc5 Bxc5 22. Nf1 d4 23. e4 Nd5 24. Qg3 Ne3+ 25.
Nxe3 dxe3 26. Ke2 Rad8 27. Qf4 Qb5+ 28. Ke1 Bb4+ 29. Bd2 Rxd2 30. a3 Qe2# 0-1

[Event "Late-Titled-Tuesday-Blitz-March-26-2024"]
[Site "Chess.com"]
[Date "2024.03.26"]
[Round "5"]
[White "Siemba"]
[Black "NMJeevanK"]
[Result "0-1"]
[WhiteElo "2452"]
[BlackElo "2620"]
[TimeControl "180+1"]
[EndTime "14:53:40 PDT"]
[Termination "NMJeevanK won by resignation"]

1. e4 Nc6 2. d4 d6 3. Nc3 g6 4. Nf3 Bg7 5. Be3 Nf6 6. Qd2 O-O 7. Bh6 e5 8. Bxg7 Kxg7 9. d5 Ne7 10. h3 h5 11. O-O-O a6 12. Bd3 b5 13. Rdg1 Rh8 14.
Qg5 c5 15. Nd2 c4 16. Be2 b4 17. Nd1 c3 18. bxc3 bxc3 19. Nxc3 Qa5 20. Kb2 Rb8+ 21. Nb3 Qxc3+ 22. Kxc3 Nxe4+ 23. Kd3 Nxg5 24. h4 Bf5+ 25. Ke3 Nxd5+ 26. Kd2 Ne4+ 0-1

[Event "Late-Titled-Tuesday-Blitz-March-26-2024"]
[Site "Chess.com"]
[Date "2024.03.26"]
[Round "5"]
[White "SharathRk6"]
[Black "HanSchut"]
[Result "1-0"]
[WhiteElo "2427"]
[BlackElo "2271"]
[TimeControl "180+1"]
[EndTime "14:53:55 PDT"]
[Termination "SharathRk6 won by checkmate"]

1. e4 c5 2. Nf3 d6 3. d4 cxd4 4.
Nxd4 Nf6 5. Nc3 a6 6. Be3 e5 7.
Nb3 Be6 8. f3 Be7 9. Qd2 O-O 10.
O-O-O Nbd7 11. g4 b5 12. g5 b4 13. Ne2 Ne8 14. f4 a5 15. f5 Bxb3 16. cxb3 a4 17. bxa4 Rxa4 18. Kb1 Rxa2 19. Kxa2 Qa8+ 20. Kb1 Qxe4+ 21.
Qd3 Qxh1 22. Bh3 Qb7 23. Ng3 g6 24. f6 Bd8 25. Ne4 Bb6 26. Bxb6 Nxb6 27. Nxd6 Nxd6 28. Qxd6 h5 29. Qxf8+ Kxf8 30. Rd8# 1-0

[Event "Late-Titled-Tuesday-Blitz-March-26-2024"]
[Site "Chess.com"]
[Date "2024.03.26"]
[Round "5"]
[White "AryanTari"]
[Black "Kildepiotr"]
[Result "1-0"]
[WhiteElo "2993"]
[BlackElo "2726"]
[TimeControl "180+1"]
[EndTime "14:54:14 PDT"]
[Termination "AryanTari won by resignation"]

1. Nf3 g6 2. h4 Bg7 3. h5 d5 4. d4 Nc6 5. Bf4 Bg4 6. h6 Bf6 7. Ne5 Bxe5 8. dxe5 Be6 9. e3 f6 10. Bb5 a6 11. Bxc6+ bxc6 12. Qd4 Kf7 13. Nd2 fxe5 14. Bxe5 Nf6 15. Nf3 Qd7 16. Ng5+ Ke8 17. Bxf6 exf6 18. Qxf6 1-0

[Event "Late-Titled-Tuesday-Blitz-March-26-2024"]
[Site "Chess.com"]
[Date "2024.03.26"]
[Round "5"]
[White "chessablanca"]
[Black "eljanov"]
[Result "0-1"]
[WhiteElo "2664"]
[BlackElo "2903"]
[TimeControl "180+1"]
[EndTime "14:55:00 PDT"]
[Termination "eljanov won by resignation"]

1. d4 d5 2. c4 e6 3. Nc3 Nf6 4. cxd5 exd5 5. Bg5 c6 6. e3 h6 7. Bh4 Be7 8. Bd3 O-O 9. Nge2 Ne4 10. Bxe7 Qxe7 11. O-O Nd7 12. Re1 Re8 13. f3 Nxc3 14. Nxc3 Nb6 15. Rc1 Be6 16. a3 Rad8 17. b4 Nc4 18.
Bxc4 dxc4 19. Ne4 Bd5 20. Nc3 b5 21. Qd2 a5 22. Na2 Ra8 23. e4 Be6 24. d5 Red8 25. bxa5 cxd5 26. Qb4 Qa7+ 27. Kh1 d4 28. Qxb5 Qxa5 29.
Qb7 Qxa3 30. Ra1 c3 31. f4 Bxa2 0-1

[Event "Late-Titled-Tuesday-Blitz-March-26-2024"]
[Site "Chess.com"]
[Date "2024.03.26"]
[Round "5"]
[White "giovannibrandao7"]
[Black "LeninGuerra"]
[Result "0-1"]
[WhiteElo "2160"]
[BlackElo "2674"]
[TimeControl "180+1"]
[EndTime "14:55:00 PDT"]
[Termination "LeninGuerra won by resignation"]

1. e4 c5 2. Nf3 e6 3. d4 cxd4 4. Nxd4 Nc6 5. Nc3 Qc7 6. Be3 a6 7. Be2 Nxd4 8. Bxd4 Ne7 9. O-O b5 10. Bf3 Bb7 11. Qd3 Ng6 12. g3 h5 13. Bg2 h4 14. f4 hxg3 15. hxg3 Bc5 16. Rad1 Rc8 17. a3 Qb6 18. Qe3 Bxd4 19. Qxd4 Qxd4+ 20. Rxd4 Rc5 21. Rd6 Ke7 22. Rb6 Rc7 23. e5 Bxg2 24. Kxg2 Ra8 25. Rf2 f5 26. Rd2 Ke8 27. Kf3 Ne7 28. Rbd6 Nc8 29.
R6d3 Nb6 30. Rh2 Kf7 31. Rd6 Nc4 0-1

[Event "Late-Titled-Tuesday-Blitz-March-26-2024"]
[Site "Chess.com"]
[Date "2024.03.26"]
[Round "5"]
[White "Jospem"]
[Black "baki83"]
[Result "1-0"]
[WhiteElo "3088"]
[BlackElo "2898"]
[TimeControl "180+1"]
[EndTime "14:55:13 PDT"]
[Termination "Jospem won by resignation"]

1. e4 c6 2. d4 d5 3. e5 Bf5 4. h4 h5 5. Bd3 Bxd3 6. Qxd3 e6 7.
Nf3 Ne7 8. Bg5 Qb6 9. Nbd2 Nd7 10. O-O Nf5 11. c4 Qa6 12. Rfd1 Bb4 13. b3 O-O 14. Nf1 Nb6 15. a3 dxc4 16. bxc4 Ba5 17. Rac1 Na4 18.
Qb3 Bd8 19. Ne3 Nxe3 20. fxe3 Rc8 21. Qc2 c5 22. d5 exd5 23. cxd5 f6 24. exf6 Bxf6 25.
Bxf6 Rxf6 26. Ng5 g6 27. d6 Rcf8 28. d7 1-0

[Event "Late-Titled-Tuesday-Blitz-March-26-2024"]
[Site "Chess.com"]
[Date "2024.03.26"]
[Round "5"]
[White "Attacker_2006"]
[Black "TedBelanoff"]
[Result "0-1"]
[WhiteElo "2378"]
[BlackElo "2215"]
[TimeControl "180+1"]
[EndTime "14:55:17 PDT"]
[Termination "TedBelanoff won by resignation"]

1. e4 g5 2. d4 h6 3. Bc4 e6 4. c3 d5 5. exd5 exd5 6. Bb5+ c6 7. Bd3 Be6 8. Ne2 Bd6 9. Qc2 Nd7 10. Bf5 Qf6 11.
Bxe6 fxe6 12. Be3 O-O-O 13. Nd2 e5 14. O-O-O e4 15. Ng3 Bf4 16. c4 Kb8 17. Qb3 Ne7 18. Nh5 Qf7 19. Ng3 Nb6 20. c5 Nd7 21. Kb1 Ka8 22.
Ndxe4 Rb8 23. Bxf4 gxf4 24. Nd6 Qh7+ 25. Ka1 fxg3 26.
hxg3 Nf5 27. Rhe1 Nxd6 28. cxd6 Qg6 29. Qb4 Rhe8 30. Re7 Rxe7 31. dxe7 Re8 32. Re1 Qf6 33. f3 a6 34. a4 c5 35. dxc5 Rxe7 36. c6 Rxe1+ 37. Qxe1 Qxc6 38. Qe8+ Ka7 39. Qe3+ Qc5 0-1

[Event "Late-Titled-Tuesday-Blitz-March-26-2024"]
[Site "Chess.com"]
[Date "2024.03.26"]
[Round "5"]
[White "rikchessmx"]
[Black "DishonorOnYourCow"]
[Result "0-1"]
[WhiteElo "2299"]
[BlackElo "2543"]
[TimeControl "180+1"]
[EndTime "14:55:18 PDT"]
[Termination "DishonorOnYourCow won by resignation"]

1. d4 Nf6 2. Nc3 d5 3. Bg5 g6 4. f3 Bg7 5. e4 dxe4 6. fxe4 O-O 7. Qd2 c5 8. d5 Qb6 9. O-O-O Nxe4 10. Qe3 Nxc3 11.
bxc3 Qa5 12. Kd2 Bg4 13. Be2 Bxe2 14. Nxe2 Nd7 15. Bxe7 Rfe8 16. d6 Ne5 17. Qf4 Qxa2 18. Rhf1 Qd5+ 19. Ke1 Qxg2 20. Rf2 Qh3 21. Ng3 f6 22. Rd5 Nc6 23. Re2 Qd7 24. Qc4 Kh8 25. Qxc5 Rac8 26. Qf2 Nxe7 27. Rxe7 Rxe7+ 28. dxe7 Qxd5 29. Qe3 Qf7 0-1

[Event "Late-Titled-Tuesday-Blitz-March-26-2024"]
[Site "Chess.com"]
[Date "2024.03.26"]
[Round "5"]
[White "Vahe_Danielyan"]
[Black "Veleamater"]
[Result "1-0"]
[WhiteElo "2601"]
[BlackElo "2401"]
[TimeControl "180+1"]
[EndTime "14:55:19 PDT"]
[Termination "Vahe_Danielyan won by resignation"]

1. e4 d6 2. d4 g6 3. Nc3 Bg7 4. Be3 Nf6 5. f3 a6 6. Qd2 b5 7.
g4 Nc6 8. h4 h5 9. g5 Nh7 10.
O-O-O e5 11. dxe5 Nxe5 12. f4 Nc6 13. Bg2 Bb7 14. f5 Be5 15. Nf3 O-O 16. fxg6 fxg6 17. Qd5+ Rf7 18. Nxe5 dxe5 19. Qe6 Qe8 20. Qxg6+ Rg7 21.
Qxe8+ Rxe8 22. Nd5 Nd4 23. Bxd4 exd4 24. Rxd4 c5 25.
Rd2 Rd7 26. Rhd1 Kg7 27. Nf6 Rxd2 28. Nxe8+ Kf8 29. Rxd2 Kxe8 30. e5 Bc8 31. Be4 Nf8 32. g6 Ne6 33. Bf5 Ke7 34. Bxe6 Bxe6 35. Rf2 1-0

[Event "Late-Titled-Tuesday-Blitz-March-26-2024"]
[Site "Chess.com"]
[Date "2024.03.26"]
[Round "5"]
[White "Viktor_Poddubnyi"]
[Black "rdarruda"]
[Result "0-1"]
[WhiteElo "2303"]
[BlackElo "2523"]
[TimeControl "180+1"]
[EndTime "14:55:20 PDT"]
[Termination "rdarruda won by resignation"]

1. e4 c5 2. Nf3 Nc6 3. d4 cxd4 4.
Nxd4 e5 5. Nb5 a6 6. Nd6+ Bxd6 7. Qxd6 Qe7 8. Qd1 Nf6 9. Nc3 d6 10. Bc4 Be6 11. Bb3 h6 12. O-O O-O 13. Be3 Rac8 14. Nd5 Bxd5 15. exd5 Na5 16. c3 Nc4 17. Bxc4 Rxc4 18.
a4 Rfc8 19. Qd2 Ng4 20. Bb6 Qh4 21. h3 Nf6 22. Be3 Rxa4 23. Rac1 Qe4 24. Rfd1 Ra2 25. Rc2 Nxd5 0-1

[Event "Late-Titled-Tuesday-Blitz-March-26-2024"]
[Site "Chess.com"]
[Date "2024.03.26"]
[Round "5"]
[White "AntonovaNadezhda"]
[Black "Boudicca64"]
[Result "1-0"]
[WhiteElo "2173"]
[BlackElo "1770"]
[TimeControl "180+1"]
[EndTime "14:55:21 PDT"]
[Termination "AntonovaNadezhda won on time"]

1. Nf3 Nf6 2. b3 g6 3. Bb2 Bg7 4. g3 O-O 5. Bg2 d6 6. d4 Nbd7 7. O-O Re8 8. Nbd2 e5 9. dxe5 dxe5 10. e4 b6 11. Re1 Bb7 12. Qe2 a5 13. a4 Nc5 14.
Rad1 Qc8 15. Nxe5 Nfxe4 16. Nxe4 Bxe5 17. Nxc5 Bxg2 18. Bxe5 Qh3 19. Nd3 g5 20. f3 Rxe5 21. Nxe5 1-0

[Event "Late-Titled-Tuesday-Blitz-March-26-2024"]
[Site "Chess.com"]
[Date "2024.03.26"]
[Round "5"]
[White "CarlosjPineror"]
[Black "Savagelittlemole"]
[Result "1-0"]
[WhiteElo "2719"]
[BlackElo "2520"]
[TimeControl "180+1"]
[EndTime "14:55:24 PDT"]
[Termination "CarlosjPineror won by resignation"]

1. e4 c5 2. Nf3 d6 3. d4 cxd4 4. Nxd4 Nf6 5. Nc3 a6 6. Bg5 Nbd7 7. f4 Qc7 8. Qe2 h6 9. Bxf6 gxf6 10. O-O-O e6 11. f5 Nc5 12. Qh5 Kd8 13. Bc4 Bd7 14. Qxf7 Be8 15. Qxf6+ Qe7 16. Qxh8 Bg7 17. Qg8 Kc7 18.
Nxe6+ Nxe6 19. Qxe6 Qg5+ 20. Kb1 Be5 21. Nd5+ Kc6 22.
f6 Bd7 23. Nb4+ Kc7 24. Qf7 Rd8 25. Be6 Kc8 26. Bxd7+ Rxd7 27. Qe8+ Rd8 28. f7 Bg7 29. Rxd6 1-0

[Event "Late-Titled-Tuesday-Blitz-March-26-2024"]
[Site "Chess.com"]
[Date "2024.03.26"]
[Round "5"]
[White "tgpgoat"]
[Black "PawnEatingZombie"]
[Result "1-0"]
[WhiteElo "2388"]
[BlackElo "2180"]
[TimeControl "180+1"]
[EndTime "14:55:28 PDT"]
[Termination "tgpgoat won on time"]

1. Nf3 Nf6 2. Rg1 g6 3. g4 Bg7 4. Nc3 d6 5. h3 c5 6. d3 Nc6 7. Bg2 Rb8 8. Bg5 Bd7 9. Qd2 b5 10. O-O-O b4 11. Bxf6 Bxf6 12. Nd5 Bg7 13. e4 e6 14. Ne3 Qa5 15. Kb1 b3 16. cxb3 Qa6 17. Nc4 Nd4 18. Nxd4 Bxd4 19. Qf4 Ke7 20. e5 dxe5 21.
Nxe5 Be8 22. Nc6+ Bxc6 23. Qg5+ f6 24. Qd2 Bxg2 25. Rxg2 Rhd8 26. f4 Rd6 27. Re2 Qb5 28. Qe1 Rbd8 29. Qh4 Kf8 30. Qxh7 f5 31. Qxg6 1-0

[Event "Late-Titled-Tuesday-Blitz-March-26-2024"]
[Site "Chess.com"]
[Date "2024.03.26"]
[Round "5"]
[White "Romkachess"]
[Black "OparinGrigoriy"]
[Result "0-1"]
[WhiteElo "2704"]
[BlackElo "2983"]
[TimeControl "180+1"]
[EndTime "14:55:30 PDT"]
[Termination "OparinGrigoriy won by checkmate"]

1. e4 c5 2. Nf3 d6 3. d4 cxd4 4. Nxd4 Nf6 5. Nc3 Nc6 6. Bg5 e6 7. Qd2 a6 8. O-O-O Bd7 9. f4 h6 10. Bh4 Be7 11. Bf2 b5 12. Bd3 b4 13. Nce2 a5 14.
Rhe1 Rc8 15. Nxc6 Bxc6 16. Nd4 O-O 17. h3 Bb7 18. g4 d5 19. e5 Ne4 20. Bxe4 dxe4 21.
Kb1 a4 22. f5 Qd5 23. f6 gxf6 24. exf6 Bxf6 25. Qxh6 Bg7 26. Qc1 Qc4 27. Qg5 Rfd8 28. Be3 Rd5 29. Qf4 a3 30. b3 Qc3 31. Rf1 Qb2# 0-1

[Event "Late-Titled-Tuesday-Blitz-March-26-2024"]
[Site "Chess.com"]
[Date "2024.03.26"]
[Round "5"]
[White "SaqoChess_Twitch"]
[Black "KorolDimitriy75"]
[Result "1-0"]
[WhiteElo "2659"]
[BlackElo "2409"]
[TimeControl "180+1"]
[EndTime "14:55:33 PDT"]
[Termination "SaqoChess_Twitch won by resignation"]

1. d4 Nf6 2. c4 c5 3. Nc3 cxd4 4.
Qxd4 Nc6 5. Qd1 g6 6. Nf3 Bg7 7.
e3 O-O 8. Be2 d6 9. O-O Be6 10.
Bd2 Rc8 11. Rc1 a6 12. b3 h6 13. e4 Kh7 14. h3 Nd7 15. Nd5 Nc5 16. Qc2 Ne5 17.
Nxe5 Bxe5 18. Qb1 Bxd5 19. exd5 a5 20. a4 Qb6 21. Bd1 e6 22. dxe6 fxe6 23. Kh1 Rf7 24. Bc2 Rg8 25. f4 Bf6 26. Rce1 h5 27. Qd1 Bh4 28.
Qxh5+ Kg7 29. Qxh4 1-0

[Event "Late-Titled-Tuesday-Blitz-March-26-2024"]
[Site "Chess.com"]
[Date "2024.03.26"]
[Round "5"]
[White "Budisavljevic"]
[Black "Polish_fighter3000"]
[Result "0-1"]
[WhiteElo "2782"]
[BlackElo "3116"]
[TimeControl "180+1"]
[EndTime "14:55:36 PDT"]
[Termination "Polish_fighter3000 won by resignation"]

1. d4 d5 2. Nf3 Nf6 3. e3 c5 4. c4 cxd4 5. exd4 Nc6 6. Nc3 a6 7.
h3 e6 8. a3 Be7 9. Bd3 dxc4 10. Bxc4 b5 11. d5 exd5 12. Bxd5 Nxd5 13. Nxd5 O-O 14.
O-O Be6 15. Nxe7+ Qxe7 16. Bg5 f6 17. Bf4 Rfd8 18. Qc2 Rac8 19. Qe2 Qf7 20. Rfd1 Re8 21. Be3 Bc4 22. Qd2 Red8 23. Qe1 Bd5 24. Qe2 Na5 25. Bb6 Re8 26. Qd3 Nb3 27. Rab1 Be4 28. Qd6 Rc6 0-1

[Event "Late-Titled-Tuesday-Blitz-March-26-2024"]
[Site "Chess.com"]
[Date "2024.03.26"]
[Round "5"]
[White "guillembaches"]
[Black "Supelyel"]
[Result "1/2-1/2"]
[WhiteElo "2529"]
[BlackElo "2406"]
[TimeControl "180+1"]
[EndTime "14:55:38 PDT"]
[Termination "Game drawn by repetition"]

1. Nf3 Nf6 2. d4 d6 3. Bg5 Nbd7 4. Nbd2 e5 5. e4 c6 6. c3 Be7 7. Be2 O-O 8. O-O Re8 9. Qc2 Qc7 10. Rfe1 Nf8 11. a4 a5 12. Bf1 Ng6 13. dxe5 dxe5 14.
Nc4 Be6 15. Rad1 Nd7 16. Bxe7 Rxe7 17. Nd6 Nc5 18. Nf5 Ree8 19. Nd2 Rad8 20. Ne3 Nf4 21. Ndc4 b5 22. axb5 cxb5 23. Na3 Bb3 24. Qb1 Bxd1 25.
Rxd1 Rxd1 26. Qxd1 b4 27. Nb5 Qd8 28. Qg4 h5 29.
Qf3 bxc3 30. bxc3 Qd2 31. g3 Nfd3 32. Nd6 Re6 33. Qxf7+ Kh7 34. Qxh5+ Rh6 35. Qf5+ Kg8 36. Qf7+ Kh7 37. Qf5+ Kg8 38. Qf7+ Kh7 39. Qf5+ 1/2-1/2

[Event "Late-Titled-Tuesday-Blitz-March-26-2024"]
[Site "Chess.com"]
[Date "2024.03.26"]
[Round "5"]
[White "RebelJohnny"]
[Black "ploxoi"]
[Result "1-0"]
[WhiteElo "2593"]
[BlackElo "2425"]
[TimeControl "180+1"]
[EndTime "14:55:42 PDT"]
[Termination "RebelJohnny won by resignation"]

1. e4 c6 2. d4 d5 3. Nd2 dxe4 4.
Nxe4 Nf6 5. Nxf6+ exf6 6. c3 Bd6 7. Bd3 O-O 8. Qc2 Re8+ 9. Ne2 h6 10. O-O Nd7 11.
Bf4 Nf8 12. Bxd6 Qxd6 13. Rfe1 Bg4 14. h3 Be6 15. b4 a5 16. a3 Ra7 17. Qd2 Rea8 18. b5 c5 19. Qf4 Qxf4 20. Nxf4 Rc8 21. d5 Bd7 22. c4 g5 23. Nh5 f5 24. Re7 Rd8 25. Rae1 f4 26. h4 g4 27. Nxf4 Bc8 28.
Nh5 Nd7 29. Re8+ 1-0

[Event "Late-Titled-Tuesday-Blitz-March-26-2024"]
[Site "Chess.com"]
[Date "2024.03.26"]
[Round "5"]
[White "Shiner22"]
[Black "tarno17"]
[Result "1-0"]
[WhiteElo "2407"]
[BlackElo "2200"]
[TimeControl "180+1"]
[EndTime "14:55:45 PDT"]
[Termination "Shiner22 won by checkmate"]

1. e4 c5 2. d4 cxd4 3. c3 d5 4. exd5 Qxd5 5. cxd4 e6 6. Nc3 Qd6 7. Nf3 Nf6 8. Bd3 Be7 9. O-O O-O 10. Re1 Nc6 11. Bg5 h6 12. Bh4 a6 13. Bg3 Qd8 14. a3 b5 15. Bc2 Bb7 16. Qd3 Re8 17. Rad1 Rc8 18. Bh4 g6 19. Bg3 b4 20. Ne2 bxa3 21.
bxa3 Na5 22. Nf4 Rxc2 23. Qxc2 Kg7 24. Ne5 Qc8 25. Qb1 g5 26. Rc1 Qa8 27. Nxe6+ fxe6 28. Qg6+ Kh8 29. Nf7# 1-0

[Event "Late-Titled-Tuesday-Blitz-March-26-2024"]
[Site "Chess.com"]
[Date "2024.03.26"]
[Round "5"]
[White "CURRUTACO59"]
[Black "giomar27"]
[Result "0-1"]
[WhiteElo "2273"]
[BlackElo "2442"]
[TimeControl "180+1"]
[EndTime "14:55:47 PDT"]
[Termination "giomar27 won by resignation"]

1. Nf3 b6 2. g3 Bb7 3. Bg2 g6 4. d4 Bg7 5. c4 e6 6. O-O Ne7 7. Nc3 O-O 8. e4 d5 9. cxd5 exd5 10. e5 c5 11. Bg5 Nbc6 12. Re1 h6 13. Bf4 a6 14. h4 Qd7 15. Qd2 Kh7 16. Rad1 c4 17. a3 b5 18. Qc2 Rae8 19. h5 Kg8 20. e6 fxe6 21. hxg6 Nf5 22. Bh3 Ncxd4 23. Nxd4 Nxd4 24. Rxd4 Bxd4 25. Bxh6 Rxf2 26. Qxf2 Bxf2+ 27. Kxf2 Qd6 28. Ne2 Qc5+ 29. Kg2 d4+ 30. Kh2 d3 31. Nf4 Qf2+ 0-1

[Event "Late-Titled-Tuesday-Blitz-March-26-2024"]
[Site "Chess.com"]
[Date "2024.03.26"]
[Round "5"]
[White "N_Mullodzhanov"]
[Black "ilya2700"]
[Result "1-0"]
[WhiteElo "2552"]
[BlackElo "2339"]
[TimeControl "180+1"]
[EndTime "14:55:50 PDT"]
[Termination "N_Mullodzhanov won by checkmate"]

1. e4 c5 2. c3 Nf6 3. e5 Nd5 4. Nf3 d6 5. exd6 e6 6. g3 Bxd6 7.
Bg2 O-O 8. O-O Nc6 9. d4 cxd4 10. Nxd4 Nxd4 11. Qxd4 Qc7 12. c4 Ne7 13. Nc3 a6 14. Rd1 Be5 15. Qd3 Nc6 16. Bg5 h6 17. Be3 Rd8 18.
Qe2 Nd4 19. Qg4 f5 20. Qh4 Bf6 21. Qh5 Qxc4 22. Rac1 Bd7 23. Nd5 Ne2+ 24. Kh1 Nxc1 25. Nxf6+ gxf6 26. Qg6+ Kf8 27. Bxh6+ Ke7 28. Qg7+ Ke8 29.
Qf8# 1-0

[Event "Late-Titled-Tuesday-Blitz-March-26-2024"]
[Site "Chess.com"]
[Date "2024.03.26"]
[Round "5"]
[White "Alexander_Donchenko"]
[Black "nabukatnezarr"]
[Result "1-0"]
[WhiteElo "2871"]
[BlackElo "2602"]
[TimeControl "180+1"]
[EndTime "14:55:51 PDT"]
[Termination "Alexander_Donchenko won on time"]

1. e4 e5 2. Nf3 Nc6 3. Bb5 a6 4.
Ba4 Nge7 5. c3 d6 6. d4 Bd7 7.
O-O Ng6 8. Nbd2 Be7 9. Re1 O-O 10. Nf1 b5 11. Bb3 exd4 12. cxd4 Na5 13. Bc2 c5 14.
Ne3 Re8 15. Nd5 Bf8 16. Bg5 Qb8 17. h3 Bc6 18. b4 Nc4 19. h4 Bxd5 20. exd5 cxb4 21.
h5 Ne7 22. Qd3 g6 23. Nh4 Qc8 24. hxg6 hxg6 25. Bxe7 Rxe7 26. Nxg6 fxg6 27. Rxe7 Bxe7 28. Qxg6+ Kf8 29. Bf5 Qe8 30. Qh6+ 1-0

[Event "Late-Titled-Tuesday-Blitz-March-26-2024"]
[Site "Chess.com"]
[Date "2024.03.26"]
[Round "5"]
[White "jefferyx"]
[Black "hansen"]
[Result "1/2-1/2"]
[WhiteElo "3104"]
[BlackElo "2972"]
[TimeControl "180+1"]
[EndTime "14:55:55 PDT"]
[Termination "Game drawn by repetition"]

1. d4 Nf6 2. Nf3 g6 3. Nbd2 d5 4. b3 Bg7 5. Bb2 O-O 6. e3 Re8 7. Be2 Nc6 8. O-O Bg4 9. c4 e6 10. h3 Bxf3 11. Nxf3 Ne7 12. b4 Nf5 13. a4 c6 14. Qb3 Rc8 15. Rac1 Nd6 16. c5 Nde4 17. b5 Nd7 18. Bd3 e5 19. Bxe4 dxe4 20. Nxe5 Nxe5 21. dxe5 Bxe5 22. Rfd1 Qf6 23. Bxe5 Rxe5 24. b6 axb6 25.
cxb6 Re7 26. a5 Ra8 27. Rc5 Kg7 28. Rd4 Re5 29. Rxe5 Qxe5 30. Rd7 Qa1+ 31. Kh2 Qe5+ 32. Kg1 Qa1+ 33. Kh2 Qe5+ 34. Kg1 1/2-1/2

[Event "Late-Titled-Tuesday-Blitz-March-26-2024"]
[Site "Chess.com"]
[Date "2024.03.26"]
[Round "5"]
[White "Christian_Jordan"]
[Black "Cmorales2001"]
[Result "0-1"]
[WhiteElo "2027"]
[BlackElo "2375"]
[TimeControl "180+1"]
[EndTime "14:55:57 PDT"]
[Termination "Cmorales2001 won on time"]

1. e4 c6 2. d4 d5 3. e5 Bf5 4. Nf3 e6 5. Be2 Bg6 6. Nbd2 c5 7. Nb3 cxd4 8. Nbxd4 Nc6 9. O-O Bc5 10.
c3 Nge7 11. b4 Bb6 12. a4 a5 13. b5 Nxd4 14. cxd4 Rc8 15. Ba3 O-O 16. Bd3 Qd7 17. Bxg6 fxg6 18. Qd2 Rc4 19. Bc5 Bxc5 20. dxc5 Rxc5 21.
Qxa5 Rc4 22. Qb6 Nc8 23. Qe3 Re4 24. Qc3 Nb6 25. Rfe1 Nxa4 26. Qa5 Nc5 27. Ng5 Rg4 0-1

[Event "Late-Titled-Tuesday-Blitz-March-26-2024"]
[Site "Chess.com"]
[Date "2024.03.26"]
[Round "5"]
[White "m_ezat"]
[Black "MariusBieliauskas"]
[Result "1-0"]
[WhiteElo "2553"]
[BlackElo "2342"]
[TimeControl "180+1"]
[EndTime "14:55:59 PDT"]
[Termination "m_ezat won by resignation"]

1. d4 Nf6 2. c4 g6 3. Nc3 d5 4. Bg5 dxc4 5. e4 c5 6. d5 b5 7. Bxf6 exf6 8. Nxb5 Bg7 9. Bxc4 O-O 10. Ne2 f5 11. exf5 Bxf5 12. Nbc3 Nd7 13. O-O Ne5 14. Bb3 Rb8 15. Bc2 Rxb2 16. Bxf5 gxf5 17.
Ng3 f4 18. Nf5 f3 19. Nxg7 Qg5 20. g3 Qxg7 21. Re1 Nc4 22. Qxf3 Rc2 23. Ne4 Rb8 24.
Rad1 Ne5 25. Qf4 Nd7 26. d6 Rxa2 27. Ng5 Ra6 28. Re7 Ra1 29. Rxa1 Qxa1+ 30. Kg2 Ne5 31. Rxe5 1-0

[Event "Late-Titled-Tuesday-Blitz-March-26-2024"]
[Site "Chess.com"]
[Date "2024.03.26"]
[Round "5"]
[White "AlexPapasimakopoulos"]
[Black "Msb2"]
[Result "0-1"]
[WhiteElo "2740"]
[BlackElo "3025"]
[TimeControl "180+1"]
[EndTime "14:56:00 PDT"]
[Termination "Msb2 won by checkmate"]

1. d4 d5 2. c4 e6 3. Nc3 Bb4 4.
cxd5 exd5 5. Qa4+ Nc6 6. Nf3 Nf6 7. Bg5 h6 8. Bxf6 Qxf6 9. e3 O-O 10. Be2 Be6 11. O-O a6 12. Rfc1 Bd6 13. Qd1 Rae8 14. Na4 g5 15. Nc5 Bc8 16. Qb3 g4 17. Ne1 Nxd4 18.
exd4 Rxe2 19. Ned3 Qxd4 20. Rc3 Rfe8 21. Rf1 b6 22.
Na4 Bd7 23. Nc1 Bxa4 24. Nxe2 Rxe2 25. Rd3 Qxf2+ 26. Rxf2 Re1+ 27. Rf1 Bc5+ 28. Re3 Bxe3+ 29. Qxe3 Rxe3 30. Kh1 Bb5 31. Re1 Re2 32. a4 Bc4 33. b3 Bd3 34. b4 a5 35. b5 h5 36. Rd1 Be4 37. Re1 Rxg2 38. Rxe4 Rxh2+ 39. Kg1 dxe4 40. Kf1 g3 41. Ke1 f5 42. Kd1 f4 43. Kc1 h4 44. Kd1 h3 45. Ke1 Rg2 46. Kf1 Kf7 47. Ke1 Ke7 48. Kf1 Kd6 49. Ke1 c6 50. Kf1 cxb5 51. Ke1 b4 52. Kf1 Kc5 53. Ke1 Kc6 54. Kf1 Kb7 55. Ke1 Ka6 56. Kf1 b5 57. Ke1 bxa4 58.
Kf1 a3 59. Ke1 b3 60. Kf1 Kb5 61. Ke1 Kb4 62. Kf1 a4 63. Ke1 Kc3 64. Kf1 a2 65. Ke1 b2 66. Kf1 a3 67. Ke1 e3 68. Kf1 f3 69. Ke1 h2 70. Kf1 a1=B 71. Ke1 b1=N 72. Kf1 Kc2 73. Ke1 Bc3+ 74. Kf1 Nd2+ 75. Ke1 Ne4+ 76.
Kf1 e2# 0-1

[Event "Late-Titled-Tuesday-Blitz-March-26-2024"]
[Site "Chess.com"]
[Date "2024.03.26"]
[Round "5"]
[White "Brahianzevich"]
[Black "BabageldiAnnaberdiyev"]
[Result "1/2-1/2"]
[WhiteElo "2485"]
[BlackElo "2634"]
[TimeControl "180+1"]
[EndTime "14:56:02 PDT"]
[Termination "Game drawn by repetition"]

1. e4 e6 2. Qe2 c5 3. Nf3 Nc6 4.
d3 d6 5. g3 g6 6. Bg2 Bg7 7. O-O h6 8. c3 Nge7 9. a4 O-O 10. Na3 e5 11. h3 f5 12. Nc4 f4 13.
g4 g5 14. b4 cxb4 15. cxb4 Nxb4 16. a5 Nbc6 17. Ba3 Rf6 18. Rfc1 Ng6 19. Rab1 Bf8 20. Qd2 Rf7 21. d4 Nxd4 22. Nxd4 exd4 23. Qxd4 Be6 24. Nxd6 Rd7 25. e5 Bg7 26. Bd5 Qe7 27. Qc4 Nf8 28.
Nf5 Qf7 29. Bxe6 Qxe6 30. Nxg7 Qxc4 31. Rxc4 Kxg7 32. Bd6 Ne6 33. Kg2 Kf7 34. Kf3 Nd8 35. Ke4 Ke6 36. Rc7 b6 37. axb6 axb6 38. Rxd7 Kxd7 39.
Rxb6 Ra2 40. Kf3 Rc2 41. Ra6 Rc3+ 42. Ke4 Rc2 43. Kf3 Rc3+ 44. Ke4 Rc2 45. Kf3 1/2-1/2

[Event "Late-Titled-Tuesday-Blitz-March-26-2024"]
[Site "Chess.com"]
[Date "2024.03.26"]
[Round "5"]
[White "SuperJesus88"]
[Black "dropstoneDP"]
[Result "0-1"]
[WhiteElo "2490"]
[BlackElo "2999"]
[TimeControl "180+1"]
[EndTime "14:56:06 PDT"]
[Termination "dropstoneDP won on time"]

1. e4 e5 2. Nf3 Nf6 3. Nc3 Nc6 4. g3 Bc5 5. Bg2 d6 6. O-O a5 7. d3 h6 8. h3 O-O 9. a3 Be6 10. Nd2 d5 11. Kh2 Re8 12. Nb3 Ba7 13. Nd2 Nd4 14. f4 dxe4 15. Ndxe4 Nxe4 16. Nxe4 f5 17. Nc3 exf4 18.
Bxf4 c6 19. Qd2 Qf6 20. Rae1 Bf7 21. Rxe8+ Rxe8 22. Bc7 Qe7 23. Bxa5 b6 24. Bb4 c5 25. Nd5 Qd8 0-1